 Dungeon Crawl Stone Soup version 0.32-a0-516-g94ed278cf8 (webtiles) character file.

Game seed: 6051201797723240403

375 Yeti the Covert (level 6, -6/39 HPs)
             Began as an Octopode Brigand on Feb 27, 2024.
             Killed by divine providence
             ... invoked by an orc priest
              (11 damage)
             ... on level 4 of the Dungeon.
             The game lasted 00:08:59 (3357 turns).

Yeti the Covert (Octopode Brigand)                  Turns: 3357, Time: 00:09:03

Health: -6/39      AC:  1    Str: 10    XL:     6   Next: 73%
Magic:  6/6        EV: 13    Int: 14    God:
Gold:   199        SH:  0    Dex: 15    Spells: 5/5 levels left

rFire   + . .        a - +2 dagger
rCold   x . .        (no shield)
rNeg    . . .        (helmet restricted)
rPois   .            (no amulet)
rElec   .            A - ring of fire
rCorr   .            (no ring)
SInv    .            (no ring)
Will    .....        (no ring)
Stlth   +++++        (no ring)
HPRegen 0.26/turn    (no ring)
MPRegen 0.10/turn    (no ring)
                     (no ring)

%: no passive effects
@: no status effects
A: almost no armour, amphibious, 8 rings, camouflage 1, gelatinous body 1,
(nimble swimmer 1), tentacles
a: Convert to Beogh


You were on level 4 of the Dungeon.
You visited 1 branch of the dungeon, and saw 4 of its levels.

You collected 199 gold pieces.

Inventory:

Hand Weapons
 a - a +2 dagger (weapon)
Missiles
 b - 12 poisoned darts (quivered)
 c - 3 curare-tipped darts
Jewellery
 g - an amulet of magic regeneration
 q - an amulet of guardian spirit
 t - a ring of fire
 y - a ring of ice
 A - a ring of fire (left tentacle)
Wands
 k - a wand of light (2)
Scrolls
 d - a scroll of noise {unknown}
 e - 6 scrolls of identify {unknown}
 j - 2 scrolls of teleportation {unknown}
 l - a scroll of acquirement {unknown}
 m - a scroll of immolation {unknown}
 p - a scroll of fog {unknown}
 r - a scroll of enchant armour {unknown}
 u - a scroll of fear {unknown}
 w - a scroll of silence {unknown}
Potions
 f - 2 potions of curing {unknown}
 h - a potion of lignification {unknown}
 i - 3 potions of heal wounds {unknown}
 n - a potion of degeneration {unknown}
 o - 2 potions of resistance {unknown}
 s - 2 potions of might {unknown}
 v - a potion of berserk rage {unknown}
 x - a potion of magic {unknown}
 z - a potion of brilliance {unknown}


   Skills:
 - Level 2.0 Fighting
 + Level 3.7 Short Blades
 - Level 2.0 Throwing
 + Level 2.2 Dodging
 + Level 9.4 Stealth


You had 5 spell levels left.
You didn't know any spells.
Your spell library contained the following spells:

 Spells                   Type           Power      Damage    Failure   Level
 Magic Dart               Conj           0%         1d3       28%         1
 Blink                    Tloc           0%         N/A       41%         2
 Call Imp                 Summ           0%         N/A       41%         2
 Gell's Gravitas          Tloc           0%         N/A       65%         3
 Inner Flame              Hex/Fire       0%         N/A       65%         3
 Teleport Other           Tloc           0%         N/A       65%         3
 Flame Wave               Conj/Fire      0%         2d4       96%         4
 Sticky Flame             Fire/Alch      0%         2d4       96%         4
 Dispersal                Tloc           0%         N/A       100%        6


Dungeon Overview and Level Annotations

Branches:
Dungeon (4/15)
 Temple: D:4-7

Altars:
Elyvilon

Annotations:
D:4 2 runed translucent doors, Opifex's ghost, amateur CoFi


Innate Abilities, Weirdness & Mutations

You cannot wear most types of armour.
You are amphibious.
You can wear up to eight rings at the same time.
Your skin changes colour to match your surroundings (Stealth+).
Your rubbery body absorbs attacks. (AC +1, EV +1)
((You are camouflaged when in or above water. (Stealth+)))
You have tentacles for arms and can constrict up to eight enemies at once.


Message History

You kill the kobold!
An orc is nearby!
Items here: ( )) †.
The orc shouts!
The orc priest shouts!
The orc shouts!
You hit the orc. Your grab misses the orc.
The orc is almost dead.
You hear a shout!
The orc priest calls down the wrath of Beogh upon you.
Pain shoots through your body! The orc closely misses you.
The orc priest shouts, "Beogh offers mercy even to people such as you.
Join us and be reborn!" (press Y on the ability menu to convert to Beogh)
You hit the orc.
You kill the orc!
The orc priest casts a cantrip, but nothing happens.
The orc priest shouts!
The orc priest calls down the wrath of Beogh upon you.
Beogh smites you!
* * * LOW HITPOINT WARNING * * *
The orc hits the bush but does no damage.
You feel more attuned to fire.
A - a ring of fire (left tentacle)
The orc shouts!
The orc priest barely misses you.
The orc priest hits the bush but does no damage.
The orc hits the bush but does no damage.
You hit the orc priest but do no damage.
The orc priest shouts, "Surrender to Beogh and we'll let you live!"
You grab the orc priest. You squeeze the orc priest!
The orc priest is severely wounded.
You constrict the orc priest.
The orc priest shouts, "Surrender to Beogh and we'll let you live!"
The orc priest barely misses you.
The orc priest hits the bush but does no damage.
The orc priest shouts, "The Pantheon deserves no one's loyalty.
Let us show you the true path!"
You hit the orc priest. You squeeze the orc priest.
You kill the orc priest!
The orc priest shouts, "Surrender to Beogh and we'll let you live!"
The orc priest calls down the wrath of Beogh upon you.
Beogh smites you!
You die...

##....~≈P.....P≈~.###########
#..###.PP♣♣.♣♣P..............
#.## #..♣♣P..♣♣.P#########... #.#
#♣.♣P....♣.♣# #... #####.#
♣...._....♣ #... ......#
#♣.♣P...P♣.♣# #... ......#
#P.♣♣P.P♣♣.P# ##.. ......#
#..P♣♣.♣♣PP.## #.. ......##
#~~P)..@)Po~.# #..
.......###~~.P♣♣♣Poo~.# #..
..............# ##....# ##..
......#.......###..#.## #...
......#...........##..###### #...
#######......####..÷#......###...
#................>........##...
#..##........##.#..............
##........#÷.##.#÷.........#..(


You could see an orc priest and 2 orcs.

Vanquished Creatures
  Grinder (D:4)
  A howler monkey (D:4)
  An orc priest (D:4)
  A hound (D:4)
  An adder (D:2)
  A dart slug (D:4)
  4 ribbon worms
  6 orcs
  7 ball pythons
  7 bats
  10 endoplasms
  13 giant cockroaches
  6 hobgoblins
  8 jackals
  9 kobolds
  10 goblins
  3 rats
89 creatures vanquished.

Notes
Turn   | Place    | Note
-------+----------+-------------------------------------------
     0 | D:1      | Yeti the Octopode Brigand began the quest for the Orb.
     0 | D:1      | Reached XP level 1. HP: 14/14 MP: 1/1
   176 | D:1      | Reached XP level 2. HP: 19/19 MP: 2/2
   178 | D:1      | Reached skill level 6 in Stealth
   754 | D:1      | Reached XP level 3. HP: 21/24 MP: 3/3
  1054 | D:2      | Reached skill level 7 in Stealth
  1082 | D:2      | Reached XP level 4. HP: 16/29 MP: 4/4
  1243 | D:2      | Found a faded altar of an unknown god.
  2679 | D:4      | Reached skill level 8 in Stealth
  2679 | D:4      | Reached XP level 5. HP: 33/34 MP: 5/5
  2814 | D:4      | Found a white marble altar of Elyvilon.
  2853 | D:4      | Noticed Grinder
  2869 | D:4      | Killed Grinder
  2870 | D:4      | Reached skill level 9 in Stealth
  2870 | D:4      | Reached XP level 6. HP: 26/39 MP: 6/6
  3052 | D:4      | Found a large runed translucent door.
  3052 | D:4      | Found a large runed translucent door.
  3053 | D:4      | Noticed Opifex's ghost (amateur CoFi)
  3357 | D:4      | Killed from afar by an orc priest

Illustrated notes

Levels and vault maps discovered:
D:1:      amcnicky_arrival_choice, layout_loops_ring, grunt_decor_mini_mirrors
D:2:      minmay_roachtagon, layout_loops_ring, basic_ecumenical_altar
D:3:      layout_basic, minivault_14
D:4:      layout_rooms, nicolae_elyvilon_peaceful_grove,
          ebering_ghost_disaster_area, chequers_decorated_corner, uniq_grinder

Skill      XL: |  1  2  3  4  5 |
---------------+----------------+-----
Stealth        | 6 7 8 9 |  9.4
Short Blades   | 3 |  3.7
Dodging        | 2 |  2.2
Fighting       | |  2.0
Throwing       | |  2.0

Action                     |  1- 3 |  4- 6 || total
---------------------------+-------+-------++-------
  Melee: Dagger            |    54 |    84 ||   138
         Tentacles         |    12 |    21 ||    33
         Constrict         |    16 |    17 ||    33
   Stab: Sleeping          |    11 |    19 ||    30
 Armour: Skin              |    23 |    22 ||    45
  Dodge: Dodged            |    24 |    49 ||    73
         Repelled          |       |     1 ||     1

Table legend: (Time is in decaauts)
 A = Elapsed time spent in this place.
 B = Non-inter-level travel time spent in this place.
 C = Inter-level travel time spent in this place.
 D = Time resting spent in this place.
 E = Time spent auto-exploring this place.
 F = Levels seen in this place.
 G = Mean time per level.
                   A        B        C        D        E       F      G
               +--------+--------+--------+--------+--------+-----+--------+
         Total |   3338 |   3094 |    244 |      0 |   2527 |   4 |  834.5 |
       Dungeon |   3338 |   3094 |    244 |      0 |   2527 |   4 |  834.5 |
               +--------+--------+--------+--------+--------+-----+--------+

Top non-repeatable levels by time:
     D:3: 959 daAuts
     D:1: 883 daAuts
     D:2: 766 daAuts
     D:4: 728 daAuts
